 Dungeon Crawl Stone Soup version 0.30-b1-2-g02819fbbbe (webtiles) character file.

Game seed: 16349455246234526993

28205 Angani the Green Death (level 13, -3/104 HPs)
             Began as a Demonspawn Monk on May 18, 2023.
             Was a High Priest of Fedhas.
             Slain by a catoblepas (17 damage)
             ... on level 3 of the Lair of Beasts.
             The game lasted 00:28:12 (17827 turns).

Angani the Green Death (Demonspawn Monk)           Turns: 17827, Time: 00:28:13

Health: -3/104     AC:  6    Str: 14    XL:     13   Next: 8%
Magic:  15/22      EV: 17    Int: 13    God:    Fedhas [*****.]
Gold:   969        SH:  0    Dex: 17    Spells: 11/12 levels left

rFire   . .          .
                       - Unarmed
rCold   + . .        c - orb {light}
rNeg    . . .        J - +2 leather armour {Will+}
rPois   +            (no helmet)
rElec   .            (cloak unavailable)
rCorr   .            r - +0 pair of gloves
SInv    .            (no boots)
Will    +....        N - amulet of the acrobat
Stlth   +            g - ring of protection from cold
HPRegen 0.37/turn    q - ring of poison resistance
MPRegen 0.18/turn

%: acrobat
@: glowing
A: repulsion field 2, demonic guardian 1, demonic magic 2, weakness stinger 3
a: Renounce Religion, Wall of Briars, Grow Ballistomycete, Overgrow, Grow Oklob


You were on level 3 of the Lair of Beasts.
You worshipped Fedhas.
Fedhas was extremely pleased with you.
You visited 2 branches of the dungeon, and saw 15 of its levels.

You collected 969 gold pieces.

Inventory:

Missiles
 U - 5 curare-tipped darts (quivered)
Armour
 c - an orb of light (worn)
 r - a +0 pair of gloves (worn)
 s - a +2 ring mail of fire resistance
 J - a +2 leather armour of willpower (worn)
Jewellery
 g - a ring of protection from cold (left hand)
 n - a ring of wizardry
 q - a ring of poison resistance (right hand)
 A - a ring of fire
 H - the ring of Nebbeel {rElec rPois rC+ Will- rCorr}
   (You found it on level 10 of the Dungeon)

   [ring of resist corrosion]

   rC:        It protects you from cold.
   rElec:     It insulates you from electricity.
   rPois:     It protects you from poison.
   rCorr:     It protects you from acid and corrosion.
   Will:      It decreases your willpower.
 N - an amulet of the acrobat (around neck)
 P - the ring of Qigroph {Ice +Blink rN+ MP-9}
   (You found it on level 10 of the Dungeon)

   [ring of ice]

   It enhances your ice magic.
   rF:        It makes you vulnerable to fire.
   rC:        It protects you from cold.
   rN:        It protects you from negative energy.
   MP:        It affects your magic capacity (-9).
   +Blink:    It lets you blink.
 Q - a ring of magical power
 R - a ring of resist corrosion
 T - a ring of protection from cold
Wands
 u - a wand of roots (4)
 E - a wand of paralysis (1)
Scrolls
 e - a scroll of brand weapon {unknown}
 f - 2 scrolls of amnesia {unknown}
 h - a scroll of fear {unknown}
 i - a scroll of enchant weapon {unknown}
 j - 5 scrolls of teleportation {unknown}
 l - 15 scrolls of identify {unknown}
 m - 2 scrolls of torment {unknown}
 x - 4 scrolls of immolation {unknown}
 y - a scroll of fog {unknown}
 B - 2 scrolls of summoning {unknown}
 C - 3 scrolls of magic mapping {unknown}
 D - a scroll of vulnerability {unknown}
 F - 2 scrolls of enchant armour {unknown}
 K - 2 scrolls of silence {unknown}
 L - a scroll of poison {unknown}
 M - 2 scrolls of noise {unknown}
Potions
 a - a potion of attraction {unknown}
 b - 2 potions of ambrosia
 d - 7 potions of heal wounds {unknown}
 k - 4 potions of flight {unknown}
 o - 2 potions of mutation {unknown}
 p - 4 potions of lignification {unknown}
 t - 7 potions of curing {unknown}
 v - 2 potions of cancellation {unknown}
 w - 2 potions of degeneration {unknown}
 z - 2 potions of brilliance {unknown}
 G - a potion of berserk rage {unknown}
 I - 3 potions of might {unknown}


   Skills:
 + Level 10.6 Fighting
 - Level 5.1 Armour
 - Level 5.5 Dodging
 + Level 11.8 Unarmed Combat
 - Level 12.3 Invocations
 - Level 10.0 Evocations


You had 11 spell levels left.
You knew the following spells:

 Your Spells              Type           Power      Damage    Failure   Level
a - Apportation           Tloc           0%         N/A       36%         1

Your spell library contained the following spells:

 Spells                   Type           Power      Damage    Failure   Level
 Freeze                   Ice            0%         1d3       36%         1
 Kiss of Death            Conj/Necr      0%         2d5       36%         1
 Necrotise                Necr           0%         1d4       36%         1
 Slow                     Hex            0%         N/A       36%         1
 Summon Small Mammal      Summ           0%         N/A       36%         1
 Cigotuvi's Dreadful Rot  Necr/Pois/Air  0%         N/A       50%         2
 Confusing Touch          Hex            0%         N/A       75%         3
 Frozen Ramparts          Ice            0%         1d1       75%         3
 Hailstorm                Conj/Ice       0%         3d3       75%         3
 Vampiric Draining        Necr           0%         2d6       75%         3
 Animate Dead             Necr           0%         N/A       98%         4
 Manifold Assault         Tloc           0%         N/A       98%         4
 Agony                    Necr           0%         N/A       100%        5
 Dispersal                Tloc           0%         N/A       100%        6
 Disjunction              Tloc           0%         N/A       100%        8


Dungeon Overview and Level Annotations

Branches:
Dungeon (11/15)            Temple (0/1) D:5            Lair (4/5) D:9
  Swamp (0/4) Lair:3        Snake (0/4) Lair:3          Orc (0/2) D:9
  Slime: Lair:4-5

Altars:
Cheibriados
Dithmenos
Fedhas
Hepliaklqana
Kikubaaqudgha
Makhleb
Uskayaw
Xom

Shops:
D:7 =

Annotations:
D:10 1 runed translucent door, LLlMATKO's ghost, journeyman MiBe
Lair:2 2 transporters


Innate Abilities, Weirdness & Mutations

You are surrounded by a moderate repulsion field. (EV +3)
A weak demonic guardian rushes to your aid.
Spells you cast may paralyse nearby enemies.
You have a sharp stinger which inflicts weakening toxins.


Message History

The blast of calcifying dust hits your burning bush.
Unknown command.
Unknown command.
You punch the catoblepas!
You tail-slap the catoblepas, but do no damage.
The catoblepas is severely wounded.
Your oklob sapling is engulfed in calcifying dust.
Your oklob sapling is moving more slowly.
Your wandering mushroom is engulfed in calcifying dust.
Your wandering mushroom stops moving altogether!
Your burning bush is engulfed in calcifying dust.
Your burning bush is moving more slowly.
Your burning bush throws fire at the catoblepas.
Fedhas protects a plant from harm.
The puff of flame hits the catoblepas.
The komodo dragon bites you! The cane toad misses you.
You hit the catoblepas.
The catoblepas is almost dead.
The catoblepas gores you!!
Your oklob sapling is engulfed in calcifying dust.
Your oklob sapling stops moving altogether!
Your wandering mushroom is engulfed in calcifying dust.
The komodo dragon closely misses you.
Unknown command.
You hit the catoblepas.
You tail-slap the catoblepas, but do no damage.
The catoblepas is almost dead.
The cane toad closely misses you.
Your burning bush is engulfed in calcifying dust.
Your burning bush stops moving altogether!
The catoblepas gores you!!
* * * LOW HITPOINT WARNING * * *
A demonic guardian appears!
Your oklob sapling is engulfed in calcifying dust.
Your wandering mushroom is engulfed in calcifying dust.
Unknown command.
The catoblepas attacks as you move away!
The catoblepas gores you!
You die...
Fedhas appreciates your contribution to the ecosystem.

......#♣...♣#
#...##.##
......#.♣♣♣.#♣
#...#.##. ......#.♣
♣.#.♣ #........
......#.♣♣♣.# .♣
#........
......#♣...♣# F♣
#........
......#♣...♣# .♣# #
#........
......#†♣♣♣.♣♣♣♣♣.♣.#
#........ ........♣
♣..§5fYF..+
..........
......#.♣♣♣.♣♣PP@l♣.#
#.#........
......#♣...♣#♣♣♣.♣# #
#.#........
......#♣...♣# .♣♣
....... ......#.♣♣♣†#
.♣ ....... ......#.♣
♣.#.♣ .......
....<.#.♣♣♣.#♣
....... ......#♣...♣#
....... ......######
....... .......#
.......


You could see a catoblepas (corroded, ally target), a komodo dragon (ally
target), a cane toad, a friendly wandering mushroom (summoned, petrified), a
friendly burning bush (summoned, petrified), a friendly oklob sapling (summoned,
petrified) and a friendly white imp (summoned).

Vanquished Creatures
  A hydra (Lair:1)
  A catoblepas (Lair:2)
  A death yak (Lair:3)
  2 two-headed ogres
  Sonja (Lair:4)
  2 skysharks
  An ugly thing (D:11)
  A cyclops (D:11)
  2 black mambas
  4 cane toads
  A rime drake (Lair:4)
  Psyche (D:9)
  4 komodo dragons
  A troll (D:11)
  2 polar bears
  2 hornets
  6 dream sheep (Lair:4)
  2 wyverns (Lair:3)
  34 yaks
  A shadow (D:10)
  A basilisk (Lair:4)
  Menkaure (D:6)
  A naga (Lair:2)
  3 water moccasins
  An acid dragon (D:11)
  7 orc warriors
  A black bear (Lair:3)
  4 ice beasts
  13 wolves
  3 centaurs
  2 kobold brigands
  11 bullfrogs
  11 wights
  10 killer bees
  4 hounds
  11 orc priests
  2 gnoll boudas
  14 orc wizards
  8 adders
  8 gnolls
  A shadow imp (D:6)
  2 worms
  2 dart slugs (D:2)
  46 orcs
  10 endoplasms
  5 giant cockroaches
  11 goblins
  7 hobgoblins
  8 jackals
  6 quokkas
  7 ball pythons
  5 bats
  11 kobolds
  9 rats
316 creatures vanquished.

Vanquished Creatures (collateral kills)
  A boulder beetle (Lair:1)
  2 death yaks (Lair:3)
  A skyshark (Lair:1)
  Joseph (D:7)
  3 cane toads
  A rime drake (Lair:1)
  A troll (D:11)
  A hornet (D:8)
  7 yaks
  A wraith (D:7)
  An acid dragon (D:10)
  2 water moccasins (Lair:1)
  An orc warrior (D:7)
  4 bullfrogs
  A scorpion (D:5)
  2 wights (D:8)
  2 orc priests
  3 gnolls (D:2)
  An adder (D:2)
  A white imp (D:7)
  5 orcs
  A hobgoblin (D:2)
43 creatures vanquished.

Vanquished Creatures (others)
  38 fungi
  46 plants
  2 withered plants (D:10)
86 creatures vanquished.

Grand Total: 445 creatures vanquished

Notes
Turn   | Place    | Note
-------+----------+-------------------------------------------
     0 | D:1      | Angani the Demonspawn Monk began the quest for the Orb.
     0 | D:1      | Reached XP level 1. HP: 18/18 MP: 1/1
    86 | D:1      | Found a faded altar of an unknown god.
    94 | D:1      | Prayed at the altar of an unknown god.
    94 | D:1      | Became a worshipper of Fedhas Madash
    94 | D:1      | Reached * piety under Fedhas
    94 | D:1      | Reached ** piety under Fedhas
   207 | D:1      | Gained mutation: You have a small tail. [demonic ancestry]
   207 | D:1      | Reached XP level 2. HP: 24/24 MP: 2/2
   215 | D:1      | Reached skill level 1 in Invocations
   239 | D:1      | Reached *** piety under Fedhas
   366 | D:1      | Reached skill level 2 in Invocations
   368 | D:1      | Gained mutation: A weak demonic guardian rushes to your
                  | aid. [demonic ancestry]
   368 | D:1      | Reached XP level 3. HP: 12/29 MP: 4/4
  1238 | D:2      | Reached **** piety under Fedhas
  1273 | D:2      | Reached skill level 3 in Invocations
  1275 | D:2      | Learned a level 1 spell: Apportation
  1394 | D:2      | Gained mutation: Spells you cast may paralyse adjacent
                  | enemies. [demonic ancestry]
  1394 | D:2      | Reached XP level 4. HP: 35/35 MP: 2/6
  1700 | D:2      | Reached skill level 4 in Invocations
  1842 | D:2      | Found a hazy altar of Hepliaklqana.
  1857 | D:2      | Gained mutation: You have a tail ending in a sharp stinger.
                  | [demonic ancestry]
  1857 | D:2      | Reached XP level 5. HP: 41/41 MP: 8/8
  2016 | D:2      | Got Kikubaaqudgha's Encyclopedia of Resurrection
  2346 | D:3      | Found a shadowy altar of Dithmenos.
  2900 | D:3      | Found a blossoming altar of Fedhas.
  2934 | D:3      | Reached skill level 5 in Invocations
  2938 | D:3      | Gained mutation: You are surrounded by a mild repulsion
                  | field. (EV +2) [demonic ancestry]
  2938 | D:3      | Reached XP level 6. HP: 32/47 MP: 9/9
  3152 | D:4      | Reached skill level 5 in Unarmed Combat
  3237 | D:4      | Found a hazy altar of Hepliaklqana.
  3895 | D:4      | Reached ***** piety under Fedhas
  3948 | D:5      | Entered Level 5 of the Dungeon
  3958 | D:5      | Reached skill level 6 in Invocations
  4155 | D:5      | Reached XP level 7. HP: 52/52 MP: 9/11
  4187 | D:5      | Reached skill level 7 in Invocations
  4523 | D:5      | Found a staircase to the Ecumenical Temple.
  4700 | D:6      | Reached skill level 1 in Evocations
  4881 | D:6      | Gained mutation: You are surrounded by a moderate repulsion
                  | field. (EV +3) [demonic ancestry]
  4881 | D:6      | Reached XP level 8. HP: 35/60 MP: 13/13
  5181 | D:6      | Noticed Menkaure
  5187 | D:6      | Killed Menkaure
  5325 | D:6      | Reached skill level 5 in Fighting
  5815 | D:7      | Noticed a hornet
  5825 | D:7      | Killed a hornet
  5826 | D:7      | Reached skill level 5 in Evocations
  5947 | D:7      | Reached XP level 9. HP: 50/71 MP: 14/14
  6241 | D:7      | Found Waveur's Jewellery Shoppe.
  6254 | D:7      | Reached skill level 1 in Armour
  6523 | D:7      | Found a snail-covered altar of Cheibriados.
  6665 | D:7      | Found an ancient bone altar of Kikubaaqudgha.
  6754 | D:7      | Noticed Joseph
  6763 | D:7      | Killed Joseph
  7627 | D:7      | Reached XP level 10. HP: 49/79 MP: 12/15
  7848 | D:8      | Reached skill level 5 in Armour
  9204 | D:9      | Reached skill level 5 in Dodging
  9625 | D:9      | Found a staircase to the Lair.
  9651 | D:9      | Reached skill level 10 in Evocations
  9781 | D:9      | Noticed a two-headed ogre
  9794 | D:9      | Killed a two-headed ogre
  9795 | D:9      | Reached skill level 8 in Invocations
  9819 | D:9      | Noticed Psyche
  9833 | D:9      | Killed Psyche
  9834 | D:9      | Gained mutation: You have a sharp stinger which inflicts
                  | weakening toxins. [demonic ancestry]
  9834 | D:9      | Reached XP level 11. HP: 58/84 MP: 17/17
 10059 | D:9      | Reached skill level 9 in Invocations
 10560 | D:9      | Found a burning altar of Makhleb.
 10572 | D:9      | Reached ****** piety under Fedhas
 10619 | D:9      | Found a staircase to the Orcish Mines.
 10830 | D:10     | Entered Level 10 of the Dungeon
 11271 | D:10     | Noticed a two-headed ogre
 11282 | D:10     | Killed a two-headed ogre
 11372 | D:10     | Found a runed translucent door.
 11372 | D:10     | Noticed LLlMATKO's ghost (journeyman MiBe)
 11409 | D:10     | Identified the ring of Qigroph {Ice +Blink rN+ MP-9}
 11450 | D:10     | Found a hide-covered altar of Uskayaw.
 11471 | D:10     | Found a shimmering altar of Xom.
 11532 | D:10     | Reached skill level 10 in Invocations
 12398 | D:11     | Noticed a red ugly thing
 12402 | D:11     | Noticed a brown ugly thing
 12407 | D:11     | Killed a red ugly thing
 12408 | D:11     | Reached skill level 11 in Invocations
 12596 | D:10     | Identified the ring of Nebbeel {rElec rPois rC+ Will-
                  | rCorr}
 12831 | Lair:1   | Entered Level 1 of the Lair of Beasts
 12883 | Lair:1   | Noticed a boulder beetle
 12889 | Lair:1   | Noticed a skyshark
 12936 | Lair:1   | Killed a skyshark
 12937 | Lair:1   | Reached skill level 12 in Invocations
 12944 | Lair:1   | Killed a boulder beetle
 13280 | Lair:1   | Reached XP level 12. HP: 79/91 MP: 21/21
 13664 | Lair:1   | Noticed an eight-headed hydra
 13669 | Lair:1   | Killed an eight-headed hydra
 14342 | Lair:2   | Reached skill level 10 in Unarmed Combat
 14564 | Lair:2   | You fall into a shaft and drop 2 floors!
 14627 | Lair:4   | Noticed Sonja
 14632 | Lair:4   | Killed Sonja
 15576 | Lair:2   | Noticed a catoblepas
 16191 | Lair:2   | Killed a catoblepas
 16297 | Lair:2   | Found a transporter.
 16297 | Lair:2   | Found a transporter.
 16297 | Lair:2   | Noticed a boulder beetle
 16297 | Lair:2   | Noticed a boulder beetle
 16414 | Lair:3   | Noticed a death yak
 16414 | Lair:3   | Noticed a death yak
 16414 | Lair:3   | Noticed a death yak
 16747 | Lair:3   | Reached skill level 10 in Fighting
 17101 | Lair:3   | Found a staircase to the Swamp.
 17153 | Lair:3   | Found a staircase to the Snake Pit.
 17440 | Lair:3   | Killed a death yak
 17441 | Lair:3   | Killed a death yak
 17442 | Lair:3   | Gained mutation: Spells you cast may paralyse nearby
                  | enemies. [demonic ancestry]
 17442 | Lair:3   | Reached XP level 13. HP: 57/104 MP: 16/22
 17827 | Lair:3   | Slain by a catoblepas

Illustrated notes

Levels and vault maps discovered:
D:1:      dpeg_arrival_arbitrary_a, layout_basic,
          shapermc_ecumenical_altar_pompeii, minmay_indecisive_spiral
D:2:      layout_rooms, basic_altar, serial_co_window_serial, co_window_cross_1,
          co_window_paths_a, co_window_paths_b, co_window_paths_a,
          co_window_paths_a, co_window_corner_cb, co_window_paths_c,
          co_window_broadway_c, co_window_paths_c, co_window_unsneaky_path_d,
          glass_columns_a, glass_columns_c
D:3:      layout_basic, lemuel_round_altar,
          nicolae_dithmenos_through_a_glass_darkly
D:4:      layout_loops_ring, amcnicky_altar_gilded,
          nicolae_overflow_hidden_temple, kennysheep_big_empty_room
D:5:      layout_basic, minmay_temple_entry_sparse_star
D:6:      layout_gridville, kennysheep_flooded_box, uniq_menkaure
D:7:      layout_basic, marbit_many_paths, mainiacjoe_overflow_boulevard,
          minmay_shop_enchanted_jewellery, uniq_joseph
D:8:      layout_loops_cross
D:9:      hellmonk_ruined_rings, layout_basic, lemuel_round_altar,
          david_lair_shrubbed, minmay_orc_entry_temple_small, uniq_psyche
D:10:     layout_loops_corners, mainiacjoe_overflow_catwalk_spiral,
          gammafunk_ghost_grave
D:11:     minmay_the_grid_4x2 [minmay_the_grid_spikes, minmay_the_grid_doors,
          minmay_the_grid_paths, minmay_the_grid_x,
          minmay_the_grid_outer_diamond, minmay_the_grid_armoury,
          minmay_the_grid_zigzag_pyramid,
          minmay_the_grid_prize_shrinking_boxes], layout_loops_cross
Lair:1:   cheibrodos_lair_river_kwai, layout_chaotic_city,
          chequers_serial_rivers_micro_a
Lair:2:   gammafunk_boulding_lane, layout_loops_ring, small_statue_intersection
Lair:3:   nzn_winding_woodlands_three_and_one [nzn_winding_woodlands_5x15_cabin,
          nzn_winding_woodlands_5x15_sawtooth,
          nzn_winding_woodlands_5x15_zeroes,
          nzn_winding_woodlands_center_garden], layout_regular_city, swamp_mist,
          guppyfry_snake_entry_garden, minmay_lair_oklob_items,
          infiniplex_staircase_pool
Lair:4:   layout_cave_pods, grunt_megastairs_2, uniq_sonja

Skill      XL: |  1  2  3  4  5  6  7  8  9 10 11 12 |
---------------+-------------------------------------+-----
Unarmed Combat | 3 4 5 6 9 11 | 11.8
Invocations    | 2 3 4 5 6 7 8 12 | 12.3
Evocations     | 2 5 8 10 | 10.0
Fighting       | 4 6 7 10 | 10.6
Armour         | 4 5 |  5.1
Dodging        | 5 |  5.5

Action                     |  1- 3 |  4- 6 |  7- 9 | 10-12 | 13-15 || total
---------------------------+-------+-------+-------+-------+-------++-------
  Melee: Unarmed           |   111 |   211 |   351 |   759 |    27 ||  1459
         Tailslap          |    14 |    35 |    70 |   193 |     9 ||   321
  Throw: Throwing net      |       |       |       |     1 |       ||     1
         Dart              |       |       |       |     4 |       ||     4
 Invoke: Wall of Briars    |     1 |     2 |     4 |     9 |       ||    16
         Grow Oklob        |       |       |     1 |     2 |       ||     3
         Overgrow          |       |       |       |       |     1 ||     1
  Evoke: Wand              |       |       |     3 |    59 |       ||    62
   Stab: Held in net/web   |       |       |       |     2 |       ||     2
         Distracted        |       |       |       |     2 |     1 ||     3
         Paralysed         |       |       |       |    33 |       ||    33
         Invisible         |       |       |       |     1 |       ||     1
 Armour: Robe              |    14 |     5 |       |       |       ||    19
         Ring mail         |       |    47 |    74 |       |       ||   121
         Leather armour    |       |       |    22 |    94 |     4 ||   120
  Dodge: Dodged            |    63 |   121 |   223 |   568 |    19 ||   994
